 Dungeon Crawl Stone Soup version 0.31-a0-369-g8eba5f6939 (webtiles) character file.

Game seed: 13325442250703471506

78 cforsyth the Charlatan (level 4, -1/34 HPs)
             Began as a Gnoll Artificer on July 28, 2023.
             Slain by a kobold
             ... wielding a +0 club
              (3 damage)
             ... on level 3 of the Dungeon.
             The game lasted 00:02:00 (1912 turns).

cforsyth the Charlatan (Gnoll Artificer)            Turns: 1912, Time: 00:02:00

Health: -1/34      AC:  3    Str: 13    XL:     4   Next: 36%
Magic:  5/5        EV: 12    Int: 10    God:
Gold:   72         SH:  0    Dex: 13    Spells: 5/5 levels left

rFire   . . .        l - +6 short sword "Siuduotie" {holy, SInv Stlth+}
rCold   . . .        (no shield)
rNeg    . . .        b - +0 leather armour
rPois   .            (no helmet)
rElec   .            (no cloak)
rCorr   .            (no gloves)
SInv    +            (no boots)
Will    .....        (no amulet)
Stlth   +++          (no ring)
HPRegen 0.25/turn    (no ring)
MPRegen 0.09/turn

%: no passive effects
@: no status effects
A: fangs 1, strong nose, distributed training
a: no special abilities


You were on level 3 of the Dungeon.
You visited 1 branch of the dungeon, and saw 3 of its levels.

You collected 72 gold pieces.

Inventory:

Hand Weapons
 a - a +0 club
 l - the +6 short sword "Siuduotie" (weapon) {holy, SInv Stlth+}
   (You found it on level 2 of the Dungeon)

   SInv:      It lets you see invisible.
   Stlth:     It makes you more stealthy.
Armour
 b - a +0 leather armour (worn)
Jewellery
 m - an amulet of faith
Wands
 c - a wand of flame (14) (quivered)
 d - a wand of charming (15)
 e - a wand of iceblast (5)
Scrolls
 f - a scroll of summoning {unknown}
 g - 3 scrolls of identify {unknown}
 h - a scroll of teleportation {unknown}
 k - a scroll of fear {unknown}
Potions
 i - a potion of haste {unknown}
 j - 2 potions of curing {unknown}


   Skills:
 + Level 2.7 Fighting
 + Level 1.1 Short Blades
 + Level 1.1 Long Blades
 + Level 1.1 Axes
 + Level 1.1 Maces & Flails
 + Level 1.1 Polearms
 + Level 1.1 Staves
 + Level 1.1 Ranged Weapons
 + Level 1.1 Throwing
 + Level 4.6 Armour
 + Level 2.7 Dodging
 + Level 2.5 Stealth
 + Level 1.1 Shields
 + Level 1.1 Unarmed Combat
 + Level 1.1 Spellcasting
 + Level 0.9 Conjurations
 + Level 0.9 Hexes
 + Level 0.9 Summonings
 + Level 0.9 Necromancy
 + Level 0.9 Translocations
 + Level 0.9 Transmutations
 + Level 0.9 Fire Magic
 + Level 0.9 Ice Magic
 + Level 0.9 Air Magic
 + Level 0.9 Earth Magic
 + Level 0.9 Poison Magic
 + Level 1.2 Invocations
 + Level 6.6 Evocations
 + Level 0.9 Shapeshifting


You had 5 spell levels left.
You didn't know any spells.
Your spell library contained the following spells:

 Spells                   Type           Power      Damage    Failure   Level
 Static Discharge         Conj/Air       4%         2-3/arc   41%         2
 Airstrike                Air            1%         2d(1-17)  96%         4
 Leda's Liquefaction      Hex/Erth       1%         N/A       96%         4
 Summon Lightning Spire   Summ/Air       2%         N/A       96%         4
 Lee's Rapid Deconstruct  Erth           1%         3d4*      100%        5
 Leda's Unmaking          Conj/Erth      1%         9d1       100%        6


Dungeon Overview and Level Annotations

Branches:
Dungeon (3/15)

Altars:
Uskayaw


Innate Abilities, Weirdness & Mutations

You have very sharp teeth.
Your uncanny sense of smell can sniff out nearby items.
Your experience applies equally to all skills.


Message History

You hit the orc.
The orc is heavily wounded.
You barely miss the orc.
The orc is heavily wounded.
The orc hits you with a +0 flail! The orc misses you.
You hit the orc.
The orc is almost dead.
The orc hits you with a +0 flail. The orc hits you with a +0 war axe.
You hit the orc but do no damage.
The orc is almost dead.
The orc hits you with a +0 flail. The orc hits you but does no damage.
You are too injured to fight recklessly!
You are too injured to fight recklessly!
You are too injured to fight recklessly!
You are too injured to fight recklessly!
You are too injured to fight recklessly!
You are too injured to fight recklessly!
You are too injured to fight recklessly!
You are too injured to fight recklessly!
You hit the orc but do no damage.
The orc is almost dead.
The orc closely misses you.
You barely miss the orc.
The orc is almost dead.
The orc hits you with a +0 flail.
You hit the orc.
You kill the orc!
You hit the orc.
The orc is moderately wounded.
The orc hits you with a +0 war axe.
* * * LOW HITPOINT WARNING * * *
The kobold hits you with a +0 club.
* * * LOW HITPOINT WARNING * * *
The orc attacks as you move away! The orc barely misses you.
The kobold attacks as you move away! The kobold hits you but does no damage.
The orc attacks as you move away! The orc closely misses you.
The kobold attacks as you move away! The kobold hits you with a +0 club.
* * * LOW HITPOINT WARNING * * *
The kobold attacks as you move away! The kobold hits you with a +0 club.
You die...

.#.....# .......############
##..)..##.........#
.......##.........##########
##.............[....!......#
#.....)........oS##.#.###..#
####....####......)o.......#
#....# #..Ko####.####..#
♣....♣ ####@##.....# ♣...♣♣
#.#...S...# ♣♣.♣♣
#.#.......# .♣♣ #....._.....
♣ #.#.......#..
#.#.......#..# #$##(....##
.# #.#


You could see an orc wizard (invisible), an orc, a ball python and a kobold.

Vanquished Creatures
  3 adders
  2 dart slugs (D:1)
  An orc (D:3)
  3 bats (D:1)
  6 endoplasms
  5 goblins
  3 hobgoblins
  2 jackals (D:1)
  3 kobolds
  2 quokkas (D:1)
  4 ball pythons
  4 frilled lizards (D:1)
  4 rats
42 creatures vanquished.

Notes
Turn   | Place    | Note
-------+----------+-------------------------------------------
     0 | D:1      | cforsyth the Gnoll Artificer began the quest for the Orb.
     0 | D:1      | Reached XP level 1. HP: 17/17 MP: 1/1
   129 | D:1      | Reached XP level 2. HP: 21/23 MP: 2/2
   570 | D:1      | Reached XP level 3. HP: 22/28 MP: 3/3
   943 | D:1      | Reached skill level 1 in Invocations
  1201 | D:2      | Reached skill level 1 in Short Blades
  1201 | D:2      | Reached skill level 1 in Long Blades
  1201 | D:2      | Reached skill level 1 in Axes
  1201 | D:2      | Reached skill level 1 in Maces & Flails
  1201 | D:2      | Reached skill level 1 in Polearms
  1201 | D:2      | Reached skill level 1 in Staves
  1201 | D:2      | Reached skill level 1 in Ranged Weapons
  1201 | D:2      | Reached skill level 1 in Throwing
  1201 | D:2      | Reached skill level 1 in Shields
  1201 | D:2      | Reached skill level 1 in Unarmed Combat
  1201 | D:2      | Reached skill level 1 in Spellcasting
  1520 | D:2      | Reached XP level 4. HP: 20/34 MP: 5/5
  1585 | D:2      | Identified the +6 short sword "Siuduotie" {holy, SInv
                  | Stlth+}
  1890 | D:3      | Found a hide-covered altar of Uskayaw.
  1911 | D:3      | HP: 1/34 [kobold/+0 club (4)]
  1912 | D:3      | Slain by a kobold

Illustrated notes

Levels and vault maps discovered:
D:1:      saegor_arrival_simple_a, layout_loops_corners
D:2:      layout_rooms
D:3:      layout_rooms, old_standard_altar, hellmonk_ecumenical_altar_run_dry,
          uniq_crazy_yiuf_cottage, uniq_pargi

Skill      XL: |  1  2  3 |
---------------+----------+-----
Invocations    | 1 |  1.2
Short Blades   | 1 |  1.1
Long Blades    | 1 |  1.1
Axes           | 1 |  1.1
Maces & Flails | 1 |  1.1
Polearms       | 1 |  1.1
Staves         | 1 |  1.1
Ranged Weapons | 1 |  1.1
Throwing       | 1 |  1.1
Shields        | 1 |  1.1
Unarmed Combat | 1 |  1.1
Spellcasting   | 1 |  1.1
Fighting       | |  2.7
Armour         | |  4.6
Dodging        | |  2.7
Stealth        | |  2.5
Conjurations   | |  0.9
Hexes          | |  0.9
Summonings     | |  0.9
Necromancy     | |  0.9
Translocations | |  0.9
Transmutations | |  0.9
Fire Magic     | |  0.9
Ice Magic      | |  0.9
Air Magic      | |  0.9
Earth Magic    | |  0.9
Poison Magic   | |  0.9
Evocations     | |  6.6
Shapeshifting  | |  0.9

Action                     |  1- 3 |  4- 6 || total
---------------------------+-------+-------++-------
  Melee: Club              |   166 |       ||   166
         Bite              |    10 |     2 ||    12
         Short sword       |       |    20 ||    20
  Evoke: Wand              |     1 |       ||     1
   Stab: Sleeping          |     1 |     2 ||     3
 Armour: Leather armour    |    62 |     4 ||    66
  Dodge: Dodged            |   129 |     9 ||   138

Table legend: (Time is in decaauts)
 A = Elapsed time spent in this place.
 B = Non-inter-level travel time spent in this place.
 C = Inter-level travel time spent in this place.
 D = Time resting spent in this place.
 E = Time spent auto-exploring this place.
 F = Levels seen in this place.
 G = Mean time per level.
                   A        B        C        D        E       F      G
               +--------+--------+--------+--------+--------+-----+--------+
         Total |   1955 |   1878 |     77 |    196 |   1252 |   3 |  651.7 |
       Dungeon |   1955 |   1878 |     77 |    196 |   1252 |   3 |  651.7 |
               +--------+--------+--------+--------+--------+-----+--------+

Top non-repeatable levels by time:
     D:1: 1072 daAuts
     D:2: 786 daAuts
     D:3: 97 daAuts
